 Dungeon Crawl Stone Soup version 0.26-a0-491-g70697cc071 (webtiles) character file.

Game seed: 152863818588521874

50 MrRokkomies the Ducker (level 3, -2/17 HPs)
             Began as a Felid Chaos Knight on Aug 5, 2020.
             Was a Plaything of Xom.
             Slain by an orc
             ... wielding a cursed -1 hand axe
              (3 damage)
             ... on level 2 of the Dungeon.
             The game lasted 00:01:32 (1394 turns).

MrRokkomies the Ducker (Felid Chaos Knight)         Turns: 1394, Time: 00:01:32

Health: -2/17      AC:  3    Str:  8    XL:     3   Next: 55%
Magic:  4/4        EV: 19    Int: 14    God:    Xom [....*.]
Gold:   82         SH:  0    Dex: 17    Spells: 2/2 levels left
                                        Lives:  0   Deaths: 0

rFire    + + .     SeeInvis +     - Unarmed
rCold    . . .     Faith    .   (shield unavailable)
rNeg     . . .     Spirit   .   (armour unavailable)
rPois    +         Reflect  .   (helmet unavailable)
rElec    .         Harm     .   (cloak unavailable)
rCorr    .                      (gloves unavailable)
MR       .....                  (boots unavailable)
Stlth    +++.......             (no amulet)
HPRegen  0.05/turn              b - ring of protection from fire
MPRegen  0.09/turn              (no ring)

@: quick
A: very small, no armour, no weapons or thrown items, stealth, antennae 1, claws
1, fangs 3, slimy green scales 1, thin skeletal structure 1, see invisible,
blink, fire resistance 1, speed 1, mutation resistance 1, poison resistance,
shaggy fur 1, sharp paws
a: Blink, Renounce Religion


You were on level 2 of the Dungeon.
You worshipped Xom.
You were a beloved toy of Xom.
You visited 1 branch of the dungeon, and saw 2 of its levels.

You collected 82 gold pieces.

Inventory:

Jewellery
 b - a ring of protection from fire (left paw)
Scrolls
 a - a scroll of fog {unknown}
 c - a scroll of enchant weapon {unknown}
 d - a scroll of remove curse {unknown}
 f - a scroll of magic mapping {unknown}
Potions
 e - a potion of magic {unknown}
 g - a potion of curing {unknown}


   Skills:
 + Level 3.2 Fighting
 * Level 4.1 Dodging
 + Level 1.7 Stealth
 * Level 3.6 Unarmed Combat


You had 2 spell levels left.
You didn't know any spells.
Your spell library was empty.

Dungeon Overview and Level Annotations

Branches:
Dungeon (2/15)

Altars:
Gozag


Innate Abilities, Weirdness & Mutations

You cannot wear armour.
You are incapable of wielding weapons or throwing items.
Your paws allow you to move quietly. (Stealth)
You have sharp claws.
You have razor-sharp teeth.
You have supernaturally acute eyesight. (SInv)
You cover ground quickly.
You are covered in fur. (AC +1)
Your sharp claws are effective at attacking unaware monsters.
You have a pair of small antennae on your head.
You are partially covered in slimy green scales. (AC +2)
You have a somewhat thin skeletal structure. (Dex +2, Stealth)
You can translocate small distances at will.
Your flesh is heat resistant. (rF+)
You are somewhat resistant to further mutation.
Your system is resistant to poisons. (rPois)


Message History

The orc is moderately wounded.
The orc closely misses you.
You barely miss the orc. You bite the orc, but do no damage.
The orc is moderately wounded.
You scratch the orc.
The orc is heavily wounded.
The orc hits you with a +0 war axe!
Ouch! That really hurt!
* * * LOW HITPOINT WARNING * * *
Xom is mildly amused.
You barely miss the orc.
The orc is heavily wounded.
The orc misses you.
You scratch the orc.
You kill the orc!
You barely miss the orc. You bite the orc.
The orc is heavily wounded.
The orc hits you with a cursed -1 hand axe.
You die... "Boring in life, boring in death..."

#......#.........#
######.###########
###.##########
#............>
#.........##
#...###...#
##...###...###
.............#
#.#.....#...#@#
.............#o##.#
##.##........)<...#
##.#####..>).## #.
#.###.# # #.# ...
#.# .### #.. # ###


You could see an orc.

Vanquished Creatures
  An adder (D:2)
  3 dart slugs (D:1)
  A leopard gecko (D:2)
  3 orcs (D:2)
  3 bats
  A giant cockroach (D:1)
  5 hobgoblins
  2 kobolds (D:1)
  A quokka (D:2)
  A frilled lizard (D:2)
  3 goblins
  6 rats
30 creatures vanquished.

Notes
Turn   | Place    | Note
-------+----------+-------------------------------------------
     0 | D:1      | MrRokkomies the Felid Chaos Knight began the quest for the
                  | Orb.
     0 | D:1      | Reached XP level 1. HP: 10/10 MP: 2/2
    46 | D:1      | XOM: divination: detect creatures
   292 | D:1      | Reached XP level 2. HP: 14/14 MP: 3/3
   352 | D:1      | XOM: cloud trail
   361 | D:1      | Reached skill level 1 in Stealth
   606 | D:1      | XOM: scenery: summon butterflies
   608 | D:1      | XOM: give mutations
   608 | D:1      | Gained mutation: You have a somewhat thin skeletal
                  | structure. (Dex +2, Stealth) [Xom's grace]
   608 | D:1      | Gained mutation: You have a pair of small antennae on your
                  | head. [Xom's grace]
   608 | D:1      | Gained mutation: Your flesh is heat resistant. (rF+) [Xom's
                  | grace]
   608 | D:1      | Gained mutation: You can translocate small distances at
                  | will. [Xom's grace]
   750 | D:1      | XOM: give mutations
   750 | D:1      | Gained mutation: Your system is resistant to poisons.
                  | (rPois) [Xom's grace]
   750 | D:1      | Gained mutation: You are partially covered in slimy green
                  | scales. (AC +2) [Xom's grace]
   750 | D:1      | Gained mutation: You are somewhat resistant to further
                  | mutation. [Xom's grace]
  1112 | D:2      | Reached XP level 3. HP: 17/17 MP: 4/4
  1140 | D:2      | Reached skill level 4 in Dodging
  1186 | D:2      | XOM: god gift: 21 stones
  1275 | D:2      | Found an opulent altar of Gozag.
  1394 | D:2      | Slain by an orc

Illustrated notes

Levels and vault maps discovered:
D:1:      dpeg_arrival_line_fractal, layout_loops_ring
D:2:      kennysheep_six_static_rooms, layout_loops_corners,
          grunt_gozag_breadcrumbs, uniq_robin, uniq_jessica

Skill      XL: |  1  2  3 |
---------------+----------+-----
Stealth        | 1 |  1.7
Dodging        | 4 |  4.1
Fighting       | |  3.2
Unarmed Combat | |  3.6

Action                   || total
-------------------------++-------
Melee: Unarmed           ||   103
       Bite              ||     8
       Punch             ||     2
 Stab: Sleeping          ||     4
Armor: Skin              ||     9
Dodge: Dodged            ||    86

Table legend: (Time is in decaauts)
 A = Elapsed time spent in this place.
 B = Non-inter-level travel time spent in this place.
 C = Inter-level travel time spent in this place.
 D = Time resting spent in this place.
 E = Time spent auto-exploring this place.
 F = Levels seen in this place.
 G = Mean time per level.
                   A        B        C        D        E       F      G
               +--------+--------+--------+--------+--------+-----+--------+
         Total |   1253 |   1226 |     27 |    186 |    832 |   2 |  626.5 |
       Dungeon |   1253 |   1226 |     27 |    186 |    832 |   2 |  626.5 |
               +--------+--------+--------+--------+--------+-----+--------+

Top non-repeatable levels by time:
     D:1: 983 daAuts
     D:2: 269 daAuts
